AoeStats
← Ice_And_Fire

Fortress

509955005Analyzed
2v2 RM · 5d ago on Sep 28, 2026· 54m 10s· 4 players
Game mode
Random Map
Map size
Normal (6 player)
Population
200
Speed
Normal
Resources
Standard
Victory
Conquest
Starting age
Dark Age
Ending age
Imperial Age
RankedLock teamsTeams togetherTeam positionsShared explorationLock speedFull tech treeHidden civsTurbo modeCheats
Victory
Defeat
🇧🇷 Danes · Brazil
1012
+15
🇧🇷 Turks · Brazil
1002
+15
🇩🇪 Bulgarians · Germany
998
-15
🇩🇪 Franks · Germany
982
-15
Ice_And_Fire
8:25 Feudal Age
9:53 Loom
12:40 Castle Age
10:53 Horse Collar
12:39 Scale Barding Armor
12:40 Double-Bit Axe
13:15 Forging
13:29 Scale Mail Armor
15:24 Arson
15:47 Gambesons
16:25 Husbandry
20:18 Heavy Plow
21:00 Town Watch
21:57 Fervor
22:40 Wheelbarrow
28:51 Imperial Age
27:34 Hand Cart
29:11 Iron Casting
28:40 Gold Mining
28:40 Stone Mining
29:57 Chain Barding Armor
31:25 Conscription
32:07 Chain Mail Armor
32:52 Blast Furnace
32:34 Plate Barding Armor
34:17 Plate Mail Armor
34:49 Blast Furnace
34:27 Fletching
35:07 Squires
34:27 Pikeman
34:56 Elite Konnik
36:25 Bodkin Arrow
38:04 Bracer
39:11 Crop Rotation
38:17 Halberdier
39:55 Stirrups
42:33 Capped Ram
42:35 Heavy Scorpion
43:51 Siege Ram
Bujerissimo
6:13 Loom
8:50 Feudal Age
9:56 Double-Bit Axe
16:37 Castle Age
15:09 Gold Mining
15:24 Stone Mining
16:36 Forging
16:27 Scale Mail Armor
16:33 Scale Barding Armor
16:19 Fletching
21:55 Ballistics
23:32 Husbandry
24:02 Treadmill Crane
25:07 Bow Saw
27:26 Chain Barding Armor
28:07 Murder Holes
28:24 Masonry
28:34 Fortified Wall
29:37 Gold Shaft Mining
31:35 Iron Casting
31:16 Chain Mail Armor
30:57 Bodkin Arrow
31:46 Wheelbarrow
34:49 Imperial Age
36:06 Hand Cart
39:42 Conscription
39:59 Hoardings
46:07 Cavalier
47:50 Guard Tower
Six
0:32 Loom
6:22 Feudal Age
7:00 Double-Bit Axe
12:33 Castle Age
19:00 Horse Collar
19:38 Bow Saw
21:40 Gold Mining
21:52 Heavy Plow
23:04 Gold Shaft Mining
26:53 Imperial Age
25:10 Town Watch
25:45 Forging
25:41 Scale Barding Armor
26:11 Husbandry
26:21 Bloodlines
27:23 Town Patrol
27:06 Heavy Camel Rider
33:26 Iron Casting
33:12 Chain Barding Armor
32:43 Fletching
46:35 Blast Furnace
46:11 Plate Barding Armor
45:31 Bodkin Arrow
Galluzzi
0:31 Loom
8:07 Feudal Age
8:37 Town Watch
8:38 Horse Collar
12:53 Castle Age
13:45 Heavy Plow
13:32 Double-Bit Axe
15:04 Bow Saw
17:34 Gold Mining
19:11 Hamask
22:18 Wheelbarrow
22:03 Squires
21:52 Gambesons
22:56 Forging
22:46 Scale Mail Armor
23:00 Man-at-Arms
24:16 Hand Cart
24:52 Long Swordsman
25:21 Arson
26:59 Pikeman
28:52 Gold Shaft Mining
29:17 Iron Casting
29:37 Chain Mail Armor
37:30 Imperial Age
37:31 Two-Handed Swordsman
39:16 Blast Furnace
38:46 Plate Mail Armor
37:44 Capped Ram
38:31 Champion
39:48 Conscription
39:23 Stone Mining
40:17 Halberdier
43:02 Siege Ram
51:38 Hoardings
51:45 Caravan
Connection lost

Rejoining the realm…

Still unreachable

The connection could not be restored.

Session expired

The server has moved on; the page needs a fresh start.